[Event "Titled Tuesday Blitz October 19 2021"]
[White "Onyshchuk, Volodymyr"]
[Black "Rzayev, Bahruz"]
[WhiteFideId "14114038"]
[BlackFideId "13403036"]
[WhiteElo "2603"]
[BlackElo "2331"]
[Result "0-1"]
[Round "06"]
[TimeControl "180+1"]
[Date "2021.10.19"]
[WhiteClock "0:00:09"]
[BlackClock "0:00:14"]

1. Nf3 Nc6 2. g3 e5 3. Bg2 e4 4. Ng1 d5 5. d3 exd3 6. cxd3 Nf6 7. Nf3 Bb4+ 8. Nbd2 O-O 9. a3 Bd6 10. b4 a5 11. b5 Na7 12. a4 c6 13. bxc6 Nxc6 14. O-O Nb4 15. Bb2 Re8 16. Nb3 Bd7 17. Nbd4 Rc8 18. Qb3 b6 19. Rfc1 h6 20. Rxc8 Qxc8 21. Rc1 Qa6 22. Nh4 Bc5 23. Bf3 Qc8 24. Nb5 Bxb5 25. axb5 Qe6 26. Ng2 Ng4 27. e3 Nxf2 28. Kxf2 Bxe3+ 29. Nxe3 Qxe3+ 30. Kg2 Nxd3 31. Qc3 Qf2+ 32. Kh3 Qxb2 33. Qxb2 Nxb2 34. Bxd5 Nd3 35. Rc7 Ne5 36. Rb7 Rd8 37. Be4 Nc4 38. Rc7 Nd6 39. Bc6 g6 40. Kg4 h5+ 41. Kg5 Kg7 42. h3 a4 43. Ra7 Nc4 0-1


[Site "https://www.chess.com"]

[Event "Titled Tuesday Blitz October 19 2021"]
[White "Palchuk, Andrii"]
[Black "Moroni, Luca Jr"]
[WhiteFideId "14176688"]
[BlackFideId "865834"]
[WhiteElo "2322"]
[BlackElo "2491"]
[Result "1-0"]
[Round "06"]
[TimeControl "180+1"]
[Date "2021.10.19"]
[WhiteClock "0:00:08"]
[BlackClock "0:00:03"]

1. d4 g6 2. c4 Bg7 3. e4 d6 4. Nc3 c5 5. Be3 Qa5 6. Ne2 Nc6 7. f3 cxd4 8. Nxd4 Nxd4 9. Bxd4 Bxd4 10. Qxd4 Nf6 11. Be2 Be6 12. O-O Rc8 13. b3 O-O 14. Rfd1 Nd7 15. Qd2 a6 16. Kh1 Rfd8 17. Rac1 Rb8 18. f4 Rdc8 19. f5 gxf5 20. Qg5+ Kf8 21. Qh6+ Ke8 22. Qxh7 Qe5 23. exf5 Qxf5 24. Qh4 Qf6 25. Qg3 Qg6 26. Qf2 Ne5 27. Rf1 Rc5 28. Na4 Rc6 29. c5 Rbc8 30. Qf4 Bg4 31. Bxg4 Qxg4 32. Qh6 Qg8 33. Qh5 Nd3 34. Rcd1 Nxc5 35. Nc3 Ne6 36. Nd5 Rc5 37. Qh4 Qg5 38. Qh8+ Kd7 39. Nb6+ Kc7 40. Nxc8 Rc2 41. Rg1 Nf4 42. Nxe7 Qxe7 43. Rc1 Qe4 44. Rxc2+ Qxc2 45. Qf6 Nd3 46. Qxf7+ Kb6 47. h3 Qe2 48. Qf3 Qd2 49. Rf1 a5 50. h4 a4 51. bxa4 Ka6 52. h5 Ne5 53. Qf4 Qd3 54. h6 Qg6 55. Kg1 Nd3 56. Qc4+ Ka7 57. Qd4+ Nc5 58. Qf6 Qd3 59. Rf3 Qd1+ 60. Kh2 Ne4 61. Qf4 Nd2 62. Qe3+ Ka6 63. Rf2 Nf1+ 64. Rxf1 Qxf1 65. h7 Qf6 66. Qh3 Qh8 67. Qh4 d5 68. Qe7 d4 69. Kg3 d3 70. Kf3 d2 71. Ke2 Qb2 72. Qe6+ Ka5 73. Qd5+ Ka6 74. Qd3+ Ka7 75. Qxd2 Qa1 76. Qe3+ Ka6 77. Kd3 Qb1+ 78. Kd2 Qxa2+ 79. Ke1 Qa1+ 80. Kf2 Qf6+ 81. Kg1 Qa1+ 82. Kh2 Qg7 83. Qe6+ Ka5 84. Qf5+ Kxa4 85. g4 b5 86. g5 b4 87. g6 Qb2+ 88. Kg3 Qc3+ 89. Kg4 Qd4+ 90. Qf4 Qd7+ 91. Kg5 Qe7+ 92. Qf6 Qe3+ 93. Qf4 Qg1+ 94. Kf6 Qa1+ 95. Kf7 Qa2+ 96. Kf8 Qa1 97. g7 Qc3 98. h8=Q Qc8+ 99. Kf7 Qd7+ 100. Kg6 Qe6+ 101. Kg5 Kb3 102. g8=Q Ka3 103. Qxe6 b3 104. Qa1# 1-0


[Site "https://www.chess.com"]

[Event "Titled Tuesday Blitz October 19 2021"]
[White "Papp, Levente"]
[Black "Lugovskoy, Maxim"]
[WhiteFideId "751243"]
[BlackFideId "24126454"]
[WhiteElo "2308"]
[BlackElo "2466"]
[Result "1/2-1/2"]
[Round "06"]
[TimeControl "180+1"]
[Date "2021.10.19"]
[WhiteClock "0:00:11"]
[BlackClock "0:00:04"]

1. c4 e6 2. Nf3 d5 3. g3 d4 4. Bg2 c5 5. O-O Nc6 6. e3 e5 7. exd4 exd4 8. a3 Nf6 9. Re1+ Be7 10. b4 O-O 11. b5 Nb8 12. d3 Bg4 13. h3 Bh5 14. g4 Bg6 15. Ne5 Nbd7 16. Nxg6 hxg6 17. Bxb7 Rb8 18. Bg2 Bd6 19. Nd2 Ne5 20. Ne4 Nxe4 21. Bxe4 Qh4 22. Kg2 f5 23. Bd5+ Kh8 24. f4 Nxd3 25. Rf1 Nxc1 26. Rxc1 Rbe8 27. Rf3 Re7 28. Qd3 Rfe8 29. Rcf1 Re2+ 30. R3f2 R8e3 31. Qxe2 Qg3+ 32. Kh1 Rxe2 33. Rxe2 Bxf4 34. Rf3 Qh4 35. Rxf4 Qg5 36. Rf1 d3 37. Re8+ Kh7 38. gxf5 gxf5 39. Bg2 d2 40. Re5 Qg3 41. Rd5 Qe3 42. Bf3 f4 43. Kg2 g5 44. Rd1 g4 45. hxg4 Kg7 46. R1xd2 Qxa3 47. Rd7+ Kf6 48. R2d6+ Ke5 49. Rd5+ Ke6 50. R7d6+ Ke7 51. Rd7+ Ke6 52. Rd2 Qc3 53. R7d6+ Ke7 54. R6d5 Qxc4 55. Re2+ Kf6 56. Rf5+ Kg6 57. Rd2 Qc3 58. Rd6+ Kg7 59. Rfd5 Kf7 60. Rd7+ Ke6 61. R5d6+ Ke5 62. Rd5+ Ke6 63. R7d6+ Ke7 64. Rd7+ Ke6 1/2-1/2


[Site "https://www.chess.com"]

[Event "Titled Tuesday Blitz October 19 2021"]
[White "Piesik, Piotr"]
[Black "Sethuraman, S.P."]
[WhiteFideId "1136194"]
[BlackFideId "5021596"]
[WhiteElo "2336"]
[BlackElo "2477"]
[Result "0-1"]
[Round "06"]
[TimeControl "180+1"]
[Date "2021.10.19"]
[WhiteClock "0:01:47"]
[BlackClock "0:01:01"]

1. Nf3 d5 2. g3 c6 3. Bg2 Bg4 4. O-O Nd7 5. d3 e6 6. Nbd2 Bd6 7. e4 Ne7 8. h3 Bh5 9. Nb3 O-O 10. Qe1 Qc7 11. Nh4 f6 12. f4 a5 13. a4 Bf7 14. Bd2 b6 15. Nf3 c5 16. Qe2 Nc6 17. Bc3 Rfe8 18. Rae1 d4 19. Bd2 e5 20. f5 c4 21. dxc4 Nb4 22. Bxb4 Bxb4 23. Nbd2 Nc5 24. b3 d3 25. cxd3 Rad8 26. d4 exd4 27. e5 fxe5 28. Ng5 e4 29. Ndxe4 Bxe1 30. Rxe1 d3 31. Qf2 Nxb3 32. Nxf7 Qxf7 33. Ng5 Rxe1+ 34. Qxe1 d2 0-1


[Site "https://www.chess.com"]

[Event "Titled Tuesday Blitz October 19 2021"]
[White "Praggnanandhaa R"]
[Black "Tang, Andrew"]
[WhiteFideId "25059530"]
[BlackFideId "2059630"]
[WhiteElo "2599"]
[BlackElo "2588"]
[Result "1/2-1/2"]
[Round "06"]
[TimeControl "180+1"]
[Date "2021.10.19"]
[WhiteClock "0:00:00"]
[BlackClock "0:00:05"]

1. d4 d5 2. c4 e6 3. Nc3 Be7 4. Nf3 Nf6 5. Bg5 h6 6. Bh4 O-O 7. e3 b6 8. Rc1 Bb7 9. Bxf6 Bxf6 10. cxd5 exd5 11. b4 c6 12. Bd3 Qe7 13. Qb3 Rd8 14. O-O Nd7 15. Rfe1 Nf8 16. e4 Ne6 17. e5 Bg5 18. Rcd1 h5 19. Bb1 Bh6 20. b5 c5 21. dxc5 Qxc5 22. Ne2 d4 23. Nexd4 Nxd4 24. Nxd4 Rxd4 25. e6 Rxd1 26. Rxd1 Qg5 27. exf7+ Kf8 28. g3 Qc5 29. Bg6 Bg5 30. Qe6 Be7 31. Be4 Bxe4 32. Qxe4 Rc8 33. Qe6 Qc7 34. Rd7 Qc1+ 35. Kg2 Qc5 36. Rxe7 Qxe7 37. Qxc8+ Kxf7 38. Qf5+ Kg8 39. Qxh5 Qe6 40. a4 Qc4 41. Qe8+ Kh7 42. Qh5+ Kg8 43. Qd1 Kh8 44. h4 Qe4+ 45. Kg1 Qc4 46. h5 Kh7 47. Qb1+ Kh8 48. Qd1 Kh7 49. Kg2 Kh6 50. g4 Kg5 51. f3 Kh6 52. Qd2+ Kh7 53. Qd1 Kh6 54. Kg3 Qc7+ 55. Kg2 Qc4 1/2-1/2


[Site "https://www.chess.com"]

[Event "Titled Tuesday Blitz October 19 2021"]
[White "Salimova, Nurgyul"]
[Black "Krivonosov, Oleg"]
[WhiteFideId "2915138"]
[BlackFideId "11600349"]
[WhiteElo "2071"]
[BlackElo "2469"]
[Result "1-0"]
[Round "06"]
[TimeControl "180+1"]
[Date "2021.10.19"]
[WhiteClock "0:00:08"]
[BlackClock "0:00:02"]

1. e4 e5 2. Nf3 Nc6 3. Bc4 Bc5 4. c3 Nf6 5. d3 d6 6. Nbd2 h6 7. Bb3 a6 8. Nf1 Ba7 9. Ng3 Be6 10. O-O O-O 11. Qe2 Re8 12. Nh4 Bg4 13. Qe1 Be6 14. Nhf5 Ne7 15. Bc2 Nxf5 16. exf5 Bd7 17. Kh1 d5 18. Qe2 c6 19. Be3 Qe7 20. Rae1 Qd6 21. Qd2 Bxe3 22. fxe3 c5 23. d4 exd4 24. exd4 c4 25. Ne2 Re7 26. Qf4 Qxf4 27. Nxf4 Rae8 28. Rxe7 Rxe7 29. Kg1 Bc6 30. Kf2 Ng4+ 31. Kg1 Ne3 32. Rf2 Ng4 33. Re2 Rxe2 34. Nxe2 Kf8 35. h3 Nf6 36. Kf2 Ke7 37. g4 Kd6 38. Ke3 b5 39. Kf4 a5 40. h4 b4 41. g5 hxg5+ 42. hxg5 Ne8 43. Ng3 f6 44. Nh5 Ke7 45. Bd1 Bb7 46. Bf3 Bc6 47. Kg4 Bb7 48. Nf4 Kd6 49. Kh5 fxg5 50. Kxg5 a4 51. a3 bxc3 52. bxc3 Nf6 53. Kg6 Bc8 54. Bg2 Ne4 55. Bxe4 dxe4 56. Ng2 Bd7 57. Ne3 1-0


[Site "https://www.chess.com"]

[Event "Titled Tuesday Blitz October 19 2021"]
[White "Salinas Herrera, Pablo"]
[Black "Langrock, Hannes"]
[WhiteFideId "3407128"]
[BlackFideId "4655290"]
[WhiteElo "2541"]
[BlackElo "2325"]
[Result "0-1"]
[Round "06"]
[TimeControl "180+1"]
[Date "2021.10.19"]
[WhiteClock "0:00:05"]
[BlackClock "0:00:24"]

1. e4 c5 2. Nf3 e6 3. d4 cxd4 4. Nxd4 Nf6 5. Nc3 Nc6 6. Ndb5 Bc5 7. Bf4 O-O 8. Bc7 Qe7 9. Bd6 Bxd6 10. Qxd6 Qd8 11. O-O-O a6 12. Nd4 Ne7 13. f3 b5 14. Nb3 Bb7 15. h4 Nc8 16. Qb4 a5 17. Qxb5 Bc6 18. Qc5 a4 19. Nd4 Qc7 20. Nxc6 dxc6 21. Bb5 Qf4+ 22. Kb1 cxb5 23. Nxb5 Rb8 24. Nc3 Nb6 25. Qg5 Qc7 26. Rd3 Nc4 27. Nxa4 Rb4 28. Qc5 Rxb2+ 29. Ka1 Qxc5 30. Nxc5 Rxc2 31. g4 Ra8 32. a4 Ne5 0-1


[Site "https://www.chess.com"]

[Event "Titled Tuesday Blitz October 19 2021"]
[White "Sanal, Vahap"]
[Black "Samadov, Read"]
[WhiteFideId "6300545"]
[BlackFideId "13417444"]
[WhiteElo "2492"]
[BlackElo "2084"]
[Result "1-0"]
[Round "06"]
[TimeControl "180+1"]
[Date "2021.10.19"]
[WhiteClock "0:01:03"]
[BlackClock "0:00:25"]

1. Nf3 d5 2. g3 Nf6 3. Bg2 c6 4. O-O Bg4 5. d3 Nbd7 6. Nbd2 e5 7. h3 Bh5 8. g4 Bg6 9. Nh4 Bc5 10. e3 O-O 11. b3 a5 12. a3 Re8 13. Bb2 Bd6 14. Qe2 Qc7 15. e4 Bc5 16. Nf5 Bxf5 17. exf5 e4 18. d4 Bd6 19. g5 e3 20. fxe3 Bf4 21. gxf6 Bxe3+ 22. Kh1 Bxd4 23. Qg4 Bxf6 24. Bxf6 Nxf6 25. Qf3 Re7 26. Rae1 Rae8 27. Rxe7 Rxe7 28. Qf2 h6 29. Re1 Rxe1+ 30. Qxe1 Qd6 31. a4 Qf4 32. c4 Qxf5 33. cxd5 cxd5 34. Nf3 Ne4 35. Qxa5 Nf2+ 36. Kg1 Nxh3+ 37. Bxh3 Qxf3 38. Bg2 Qxb3 39. Bxd5 Qe3+ 40. Kf1 Qd3+ 41. Kf2 Qd4+ 42. Ke2 Qe5+ 43. Kd3 Qf5+ 44. Kc4 Qc2+ 45. Kb5 h5 46. Qa8+ Kh7 47. Qxb7 Qd3+ 48. Ka5 Qd2+ 49. Ka6 f5 50. Qf7 Qd3+ 51. Bc4 Qd6+ 52. Kb5 Qe5+ 53. Bd5 f4 54. a5 h4 55. a6 h3 56. a7 Qb2+ 57. Kc6 Qc2+ 58. Kd6 1-0


[Site "https://www.chess.com"]

[Event "Titled Tuesday Blitz October 19 2021"]
[White "Sjugirov, Sanan"]
[Black "Bekturov, Tamerlan"]
[WhiteFideId "4189302"]
[BlackFideId "13710184"]
[WhiteElo "2654"]
[BlackElo "2186"]
[Result "1-0"]
[Round "06"]
[TimeControl "180+1"]
[Date "2021.10.19"]
[WhiteClock "0:01:45"]
[BlackClock "0:00:14"]

1. d4 Nf6 2. c4 e6 3. Nc3 d5 4. cxd5 exd5 5. Bg5 c6 6. e3 Bd6 7. Bd3 Be6 8. Nge2 Nbd7 9. Nf4 Qc7 10. Nxe6 fxe6 11. f4 O-O-O 12. O-O h6 13. Bxf6 gxf6 14. Nb5 Qb8 15. Rc1 a6 16. Nxd6+ Qxd6 17. Qa4 Nb8 18. b4 Kd7 19. Qa5 Qc7 20. Qc5 f5 21. a4 b6 22. Qc2 Rc8 23. Qe2 Qb7 24. Qh5 Kd6 25. b5 axb5 26. axb5 c5 27. Bxf5 exf5 28. Qg6+ Kc7 29. dxc5 Rcg8 30. Qd6+ 1-0


[Site "https://www.chess.com"]

[Event "Titled Tuesday Blitz October 19 2021"]
[White "Svidler, Peter"]
[Black "Nakamura, Hikaru"]
[WhiteFideId "4102142"]
[BlackFideId "2016192"]
[WhiteElo "2709"]
[BlackElo "2884"]
[Result "0-1"]
[Round "06"]
[TimeControl "180+1"]
[Date "2021.10.19"]
[WhiteClock "0:00:17"]
[BlackClock "0:01:06"]

1. e4 e5 2. Nf3 Nc6 3. Bc4 Bc5 4. c3 Nf6 5. d3 O-O 6. O-O d5 7. exd5 Nxd5 8. Re1 Bg4 9. h3 Bh5 10. Nbd2 Nb6 11. Bb3 Qxd3 12. Nxe5 Qf5 13. Nef3 Bg6 14. Nf1 Rad8 15. Qe2 Qc8 16. Qb5 Be7 17. Ng3 a6 18. Qe2 Rfe8 19. Be3 Bc5 20. Bxc5 Rxe2 21. Rxe2 Na5 22. Bxb6 Nxb3 23. axb3 cxb6 24. b4 Re8 25. Nd4 Rxe2 26. Ngxe2 f6 27. Nf4 Bf7 28. Re1 g5 29. Nfe2 Bg6 30. Ng3 Kf7 31. Re6 Qc7 32. Ne4 Bxe4 33. Rxe4 Qc4 34. f3 Qa2 35. Re2 a5 36. bxa5 bxa5 37. g4 a4 38. Kf2 Qc4 39. Nf5 Qc5+ 40. Kg2 Kf8 41. Re6 Qb5 42. Nd6 Qxb2+ 43. Kg3 Qb6 44. Re8+ Kg7 45. Re7+ Kg6 0-1


[Site "https://www.chess.com"]

[Event "Titled Tuesday Blitz October 19 2021"]
[White "Sydoryka, Vladyslav"]
[Black "Kezin, Roman"]
[WhiteFideId "14145928"]
[BlackFideId "24124621"]
[WhiteElo "2282"]
[BlackElo "2557"]
[Result "0-1"]
[Round "06"]
[TimeControl "180+1"]
[Date "2021.10.19"]
[WhiteClock "0:00:01"]
[BlackClock "0:00:05"]

1. c4 e6 2. g3 d5 3. Bg2 Nf6 4. Nf3 Be7 5. O-O O-O 6. b3 d4 7. e3 c5 8. exd4 cxd4 9. Re1 Nc6 10. d3 Nd7 11. Bb2 e5 12. Nbd2 a5 13. a3 Re8 14. Qc2 Bf8 15. Re2 Nc5 16. Ne4 Na6 17. Rae1 f6 18. h3 Be6 19. g4 Qd7 20. Ng3 Nc5 21. Nh4 Bf7 22. Bc1 Ne6 23. Bd5 Ne7 24. Bg2 Rac8 25. Nhf5 Ng6 26. Nh5 Kh8 27. Bd2 b5 28. Bxa5 Nef4 29. Nxf4 Nxf4 30. Re4 Nxg2 31. Kxg2 Bd5 32. Qb2 Bxe4+ 33. Rxe4 Qb7 34. Bb4 bxc4 35. Bxf8 Rxf8 36. Nd6 Qxb3 37. Qxb3 cxb3 38. Nxc8 Rxc8 39. Re1 Ra8 40. Ra1 h6 41. a4 Kh7 42. Kf3 Kg6 43. Rb1 Rxa4 44. Rxb3 h5 45. Rb7 h4 46. Rb8 Ra3 47. Ke4 Ra2 48. Kf3 Rd2 49. Rb3 Kg5 50. Ra3 g6 51. Kg2 f5 52. gxf5 gxf5 53. Kf3 Rc2 54. Ra5 Rc3 55. Rxe5 Rxd3+ 56. Kg2 Kf4 57. Re8 Rc3 58. Rh8 d3 59. Rxh4+ Ke5 60. Rh8 Rc4 61. Re8+ Kd4 62. Rd8+ Kc3 63. Kf3 Rd4 64. Rc8+ Kb2 65. Rb8+ Kc2 66. Ke3 d2 67. Rc8+ Kb3 68. Rb8+ Kc4 69. Rc8+ Kb5 70. Kxd4 d1=Q+ 71. Ke3 Qe1+ 72. Kf3 Qe4+ 73. Kg3 f4+ 74. Kh2 f3 75. Rg8 Qf4+ 76. Rg3 Kc4 77. Kg1 Kd3 0-1


[Site "https://www.chess.com"]

[Event "Titled Tuesday Blitz October 19 2021"]
[White "Szpar, Milosz"]
[Black "Bluebaum, Matthias"]
[WhiteFideId "1184989"]
[BlackFideId "24651516"]
[WhiteElo "2285"]
[BlackElo "2681"]
[Result "0-1"]
[Round "06"]
[TimeControl "180+1"]
[Date "2021.10.19"]
[WhiteClock "0:00:02"]
[BlackClock "0:00:38"]

1. e4 e6 2. d4 d5 3. Nc3 Nf6 4. e5 Nfd7 5. f4 c5 6. Nf3 Nc6 7. Be3 a6 8. Qd2 b5 9. Be2 Be7 10. O-O O-O 11. Nd1 Rb8 12. Nf2 a5 13. g4 b4 14. dxc5 Nxc5 15. Nd4 Bb7 16. Nxc6 Bxc6 17. Bd4 Ne4 18. Qe3 f5 19. Nxe4 dxe4 20. Rad1 Qe8 21. Rf2 Bd5 22. b3 Qc6 23. Rd2 Rbc8 24. Rg2 Bc5 25. Bd1 Bxd4 26. Rxd4 Qc3 27. Qxc3 Rxc3 28. g5 e3 29. Rg3 e2 30. Bxe2 Rxc2 31. Bf3 Bxf3 32. Rxf3 Rxa2 33. Rfd3 Rb2 34. Rc4 Kf7 35. Rc6 Re8 36. h3 Kg6 37. Rc7 Rg8 38. Rc6 Kh5 39. Rc5 g6 40. Rc7 Rh8 41. Ra7 h6 42. gxh6 Kxh6 43. Rxa5 Rc8 44. Ra1 Kh5 45. Rad1 Rcc2 46. Kh1 Kh4 47. Rf1 Rh2+ 48. Kg1 Rbg2# 0-1


[Site "https://www.chess.com"]

[Event "Titled Tuesday Blitz October 19 2021"]
[White "Vallejo Diaz, Javier"]
[Black "Shtembuliak, Evgeny"]
[WhiteFideId "2256398"]
[BlackFideId "14113325"]
[WhiteElo "2628"]
[BlackElo "2504"]
[Result "1-0"]
[Round "06"]
[TimeControl "180+1"]
[Date "2021.10.19"]
[WhiteClock "0:00:45"]
[BlackClock "0:00:30"]

1. e4 e5 2. Nf3 Nc6 3. Bb5 Nge7 4. c3 d5 5. d4 a6 6. Ba4 b5 7. Bc2 exd4 8. Nxd4 Nxd4 9. Qxd4 Bb7 10. exd5 Qxd5 11. Qxd5 Bxd5 12. O-O f6 13. Bf4 O-O-O 14. a4 Ng6 15. Be3 b4 16. cxb4 Bxb4 17. Nc3 Bc4 18. Rfc1 Kb8 19. Ne4 Ne5 20. Nc5 Ng4 21. Be4 Nxe3 22. fxe3 Bxc5 23. Rxc4 Bxe3+ 24. Kh1 a5 25. b4 Rd4 26. Rxd4 Bxd4 27. Rd1 Bc3 28. bxa5 Bxa5 29. Rb1+ Kc8 30. Bf5+ Kd8 31. Rb8+ 1-0


[Site "https://www.chess.com"]

[Event "Titled Tuesday Blitz October 19 2021"]
[White "Vokhidov, Shamsiddin"]
[Black "Borsuk, Konstantin"]
[WhiteFideId "14204223"]
[BlackFideId "14113406"]
[WhiteElo "2616"]
[BlackElo "2397"]
[Result "0-1"]
[Round "06"]
[TimeControl "180+1"]
[Date "2021.10.19"]
[WhiteClock "0:00:03"]
[BlackClock "0:00:03"]

1. e4 e6 2. d4 d5 3. Nc3 Bb4 4. Ne2 Nc6 5. a3 Ba5 6. e5 f6 7. b4 Bb6 8. Na4 fxe5 9. dxe5 Nge7 10. Nxb6 axb6 11. Ng3 O-O 12. Bd3 Nxb4 13. Be2 Ng6 14. O-O Nxe5 15. Bb2 Nbc6 16. f4 Nc4 17. Bxc4 dxc4 18. Qe2 Qd5 19. Rad1 Qb5 20. Rb1 Qc5+ 21. Kh1 c3 22. Ne4 Qe7 23. Nxc3 Bd7 24. Nb5 Be8 25. Rbe1 Rf5 26. g4 Rc5 27. c4 Na5 28. Nd4 Nxc4 29. Nxe6 Nxb2 30. Qxb2 Bc6+ 31. Kg1 Rb5 32. Qd4 Rd5 33. Qc3 Rxa3 34. Qb2 Rad3 35. Qa2 Qa3 36. Qe2 Rd2 37. Qc4 Rg2+ 38. Kh1 Qb2 39. Qe4 Rdd2 40. Qe5 Rxh2+ 41. Kg1 Rdg2# 0-1


[Site "https://www.chess.com"]

[Event "Titled Tuesday Blitz October 19 2021"]
[White "Yilmaz, Mustafa"]
[Black "Perez Gormaz, Matias"]
[WhiteFideId "6302718"]
[BlackFideId "3406342"]
[WhiteElo "2518"]
[BlackElo "2352"]
[Result "1-0"]
[Round "06"]
[TimeControl "180+1"]
[Date "2021.10.19"]
[WhiteClock "0:00:07"]
[BlackClock "0:00:02"]

1. d4 d5 2. c4 e6 3. Nc3 a6 4. cxd5 exd5 5. Qb3 Bd6 6. Nf3 c6 7. e4 dxe4 8. Ng5 Qe7 9. Bc4 Nh6 10. O-O b5 11. Be2 Bf5 12. Re1 O-O 13. h3 Nd7 14. Bf3 Nf6 15. Ngxe4 Nxe4 16. Bxh6 Qh4 17. Nxe4 Qxh6 18. Rac1 Bf4 19. Rc5 Be6 20. Qc2 Bd5 21. Qd1 Rad8 22. a3 Bb8 23. Rc3 Ba7 24. Rd3 Bc4 25. Rd2 Bd5 26. Re3 Bb8 27. Re1 Ba7 28. Re3 Bb8 29. Re1 Qf4 30. g3 Qh6 31. Bg2 Ba7 32. Nc3 Be6 33. Bxc6 Bxh3 34. Bg2 Bg4 35. f3 Be6 36. Ne4 Bc4 37. b4 f5 38. Nc5 Bb8 39. f4 Qg6 40. Qf3 Kh8 41. Red1 Bd5 42. Qc3 Bxg2 43. Kxg2 Bxf4 44. Rf2 Bb8 45. Re1 f4 46. Ne6 fxg3 47. Rxf8+ Rxf8 48. Nxf8 Qf5 49. Qf3 Qc2+ 50. Re2 Qc8 51. Ne6 h6 52. Qf8+ Qxf8 53. Nxf8 g5 54. Nd7 Bd6 55. Re6 1-0


[Site "https://www.chess.com"]

[Event "Titled Tuesday Blitz October 19 2021"]
[White "Zubov, Alexander"]
[Black "Bologan, Victor"]
[WhiteFideId "14109409"]
[BlackFideId "13900048"]
[WhiteElo "2685"]
[BlackElo "2511"]
[Result "1-0"]
[Round "06"]
[TimeControl "180+1"]
[Date "2021.10.19"]
[WhiteClock "0:00:55"]
[BlackClock "0:00:06"]

1. d4 d6 2. e4 Nf6 3. Nc3 e5 4. dxe5 dxe5 5. Qxd8+ Kxd8 6. Bc4 Ke8 7. Nf3 Bd6 8. Bg5 Nbd7 9. O-O-O a6 10. a4 b6 11. Nh4 g6 12. Bd5 Nxd5 13. Nxd5 Bb7 14. Rhe1 Bxd5 15. Rxd5 f6 16. Bd2 Ke7 17. b3 c6 18. Rd3 Nc5 19. Rc3 Rhc8 20. Rh3 Ne6 21. Nf3 h5 22. Nh4 Kf7 23. Rg3 Rg8 24. Rf3 b5 25. Rd3 Ke7 26. Be3 bxa4 27. bxa4 Rad8 28. Rb3 Bc5 29. Bxc5+ Nxc5 30. Rc3 Nxa4 31. Rxc6 Rd6 32. Rc7+ Rd7 33. Rc4 Nb6 34. Rb4 Rd6 35. Re3 a5 36. Rb5 Rgd8 37. Rd3 Nc4 38. Rc5 Rd4 39. Nxg6+ Kf7 40. Nh4 a4 41. Rxc4 1-0


[Site "https://www.chess.com"]

[Event "Titled Tuesday Blitz October 19 2021"]
[White "atbenina64"]
[Black "Matsenko, Andrei"]
[BlackFideId "24146501"]
[WhiteElo "2571"]
[BlackElo "2179"]
[Result "0-1"]
[Round "06"]
[TimeControl "180+1"]
[Date "2021.10.19"]
[WhiteClock "0:00:03"]
[BlackClock "0:01:53"]

1. e4 c6 2. d4 d5 3. e5 Bf5 4. Nf3 e6 5. Be2 Ne7 6. O-O Nd7 7. Nh4 Bg6 8. Nd2 Nf5 9. Nxg6 hxg6 10. Nf3 Be7 11. c3 Rc8 12. g3 c5 13. Kg2 cxd4 14. cxd4 a6 15. h4 Qc7 16. Bd3 Qb6 17. Bxf5 gxf5 18. Be3 Nb8 19. Rc1 Nc6 20. a3 Qxb2 21. Rb1 Qxa3 22. Rxb7 Nd8 23. Ra7 Nc6 24. Rb7 Nd8 25. Ra7 a5 26. Bg5 Bxg5 27. Nxg5 Qb4 28. Qe2 Qb6 29. Ra6 Qxd4 30. Qb5+ Ke7 31. Qxa5 Qxe5 32. Ra7+ Kf6 33. Re1 Qd6 34. Qa1+ Kg6 35. Nf3 f6 36. Nd4 Rc4 37. Ra6 Qxa6 38. Qxa6 Rxd4 39. Qd6 Nf7 40. Qxe6 Re4 41. Rxe4 dxe4 42. g4 Nh6 43. g5 Ng4 44. Kg3 Ra8 45. Kf4 Ra5 46. Qe8+ Kh7 47. Qh5+ Kg8 48. Qe8+ Kh7 49. Qh5+ Nh6 50. gxh6 g6 51. Qe2 Ra3 0-1


[Site "https://www.chess.com"]

[Event "Titled Tuesday Blitz October 19 2021"]
[White "Abarca Gonzalez, Nicolas"]
[Black "Bortnyk, Olexandr"]
[WhiteFideId "3409422"]
[BlackFideId "14120828"]
[WhiteElo "2504"]
[BlackElo "2723"]
[Result "1/2-1/2"]
[Round "07"]
[TimeControl "180+1"]
[Date "2021.10.19"]
[WhiteClock "0:00:20"]
[BlackClock "0:00:15"]

1. e4 Nf6 2. e5 Nd5 3. d4 d6 4. Nf3 dxe5 5. Nxe5 c6 6. Be2 Bf5 7. O-O Nd7 8. Nf3 e6 9. c4 N5f6 10. Nc3 Bd6 11. Bg5 h6 12. Bh4 O-O 13. Re1 Re8 14. Bd3 Bxd3 15. Qxd3 Qa5 16. a3 Qh5 17. Bg3 Bxg3 18. hxg3 e5 19. Rad1 exd4 20. Rxe8+ Rxe8 21. Qxd4 a5 22. Qa7 Ne5 23. Nxe5 Rxe5 24. f3 Re8 25. Qxb7 Qc5+ 26. Kh2 Qxc4 27. Qb6 a4 28. Rd8 Rxd8 29. Qxd8+ Kh7 30. Qa8 Qb3 31. Nxa4 Qb5 32. b4 Qh5+ 33. Kg1 Qe5 34. Qxc6 Qxg3 35. Qc2+ Kh8 36. Qf2 Qf4 37. Nc5 Qc1+ 38. Kh2 Qxa3 39. Qd4 Qa8 40. Nd3 Kg8 41. b5 Qb8+ 42. Qe5 Qd8 43. Nf4 Nd7 44. Qd5 Qc7 45. g3 Qc2+ 46. Kh3 Qc8 47. Kh2 Qc2+ 48. Kh3 Qc7 49. Qa8+ Kh7 50. Qe4+ Kg8 51. Qa8+ Kh7 52. Qe4+ Kg8 53. Qa8+ 1/2-1/2


[Site "https://www.chess.com"]

[Event "Titled Tuesday Blitz October 19 2021"]
[White "Bluebaum, Matthias"]
[Black "Mikhalevski, Victor"]
[WhiteFideId "24651516"]
[BlackFideId "2801914"]
[WhiteElo "2681"]
[BlackElo "2577"]
[Result "1/2-1/2"]
[Round "07"]
[TimeControl "180+1"]
[Date "2021.10.19"]
[WhiteClock "0:00:10"]
[BlackClock "0:00:10"]

1. d4 Nf6 2. Nf3 g6 3. Nc3 d5 4. Bf4 Bg7 5. e3 O-O 6. Nb5 Na6 7. h3 c6 8. Nc3 Nc7 9. Be2 Nce8 10. O-O Nd6 11. a4 a5 12. Nb1 Nfe4 13. Nbd2 Nxd2 14. Qxd2 b6 15. b3 Ba6 16. Bxa6 Rxa6 17. Qe2 Ra8 18. c4 Qd7 19. Rac1 Rfc8 20. Ne5 Qb7 21. Rc2 c5 22. dxc5 Rxc5 23. Nd3 Rc6 24. Bxd6 Rxd6 25. Qf3 Qd7 26. cxd5 Qf5 27. Qxf5 gxf5 28. Nf4 Be5 29. Rc6 Rad8 30. Rfc1 Bxf4 31. exf4 Kg7 32. g3 Rxd5 33. Rxb6 Rd1+ 34. Rxd1 Rxd1+ 35. Kg2 Rd2 36. Rb5 Rb2 37. Rxf5 Rxb3 38. Rxa5 Ra3 39. Ra7 e6 40. a5 h5 41. a6 h4 42. gxh4 Ra4 43. Kg3 Ra3+ 44. Kg4 Kg6 45. h5+ Kh6 46. Rxf7 Rxa6 47. f3 Rb6 48. Re7 Ra6 49. Rf7 Rb6 50. f5 Rb4+ 51. f4 exf5+ 52. Rxf5 Rb6 53. Rg5 Rb1 54. Rg6+ Kh7 55. Ra6 Kg7 56. Kg5 Rg1+ 57. Kf5 Rf1 58. Ra7+ Kh6 59. Rf7 Ra1 60. Re7 Rf1 61. Re6+ Kxh5 62. Rd6 Rf3 63. Ke5 Rxh3 64. f5 Re3+ 65. Kf6 Kh6 66. Kf7+ Kh7 67. f6 Ra3 68. Rd7 Ra8 69. Rb7 Kh6 70. Rc7 Kh7 71. Ke6+ Kg6 72. Rg7+ Kh6 73. Rd7 Kg6 74. Rg7+ Kh6 75. Rc7 Kg6 76. Rc6 Re8+ 77. Kd7 Re1 78. Rb6 Kf7 79. Ra6 Rd1+ 80. Kc7 Rc1+ 81. Kd8 Rd1+ 82. Kc8 Rc1+ 83. Kb7 Rb1+ 84. Kc7 Rc1+ 85. Kb8 Rb1+ 86. Ka8 Rf1 87. Kb7 Rxf6 88. Rxf6+ Kxf6 1/2-1/2


[Site "https://www.chess.com"]

[Event "Titled Tuesday Blitz October 19 2021"]
[White "Bologan, Victor"]
[Black "Aloma Vidal, Robert"]
[WhiteFideId "13900048"]
[BlackFideId "2260409"]
[WhiteElo "2511"]
[BlackElo "2435"]
[Result "1-0"]
[Round "07"]
[TimeControl "180+1"]
[Date "2021.10.19"]
[WhiteClock "0:00:25"]
[BlackClock "0:00:14"]

1. e4 e5 2. Nf3 Nf6 3. Nxe5 d6 4. Nf3 Nxe4 5. Nc3 Nf6 6. d4 g6 7. d5 Bg7 8. Qe2+ Qe7 9. Qxe7+ Kxe7 10. Bc4 Nbd7 11. O-O Nb6 12. Bb3 h6 13. a4 Nbd7 14. a5 a6 15. Re1+ Kd8 16. Be3 Ng4 17. Bd4 Bxd4 18. Nxd4 Nc5 19. Bc4 Ne5 20. Bf1 g5 21. f3 Ncd7 22. Kf2 Nf6 23. g3 h5 24. h4 gxh4 25. gxh4 Rg8 26. Be2 Bh3 27. Rg1 Ke7 28. Rg5 Ng6 29. Rh1 Bd7 30. b4 Kf8 31. Bd3 Ne5 32. Bf5 Be8 33. Rhg1 c5 34. dxc6 bxc6 35. Be4 Nc4 36. Bxc6 Bxc6 37. Nxc6 Rc8 38. Rxg8+ Nxg8 39. Rxg8+ 1-0


[Site "https://www.chess.com"]